AoeStats
← valjashestero

Pilgrims

510159008Analyzed
3v3 RM · 1d ago on Sep 29, 2026· 34m 58s· 6 players
Game mode
Random Map
Map size
Normal (6 player)
Population
200
Speed
Normal
Resources
Standard
Victory
Conquest
Starting age
Dark Age
Ending age
Imperial Age
RankedLock teamsTeams togetherTeam positionsShared explorationLock speedFull tech treeHidden civsTurbo modeCheats
Victory
Defeat
🇪🇪 Khmer · Estonia
1140
+14
🇪🇪 Berbers · Estonia
1018
+19
🇪🇪 Koreans · Estonia
1014
+20
🇺🇸 Dravidians · United States
1109
-18
🇨🇿 Celts · Czechia
1092
-18
🇵🇱 Malay · Poland
1079
-17
cns
10:59 Feudal Age
11:31 Wheelbarrow
12:31 Fishing Lines
13:34 Double-Bit Axe
16:19 Gold Mining
19:58 Castle Age
17:49 Horse Collar
18:00 Stone Mining
17:57 Loom
20:50 Demolition Ship
24:07 Heavy Plow
26:26 Bow Saw
27:57 Medium Warships
31:46 Fletching
32:07 Forging
32:04 Scale Barding Armor
35:04 Bodkin Arrow
Quelt
5:52 Loom
11:46 Feudal Age
13:02 Double-Bit Axe
17:09 Castle Age
28:14 Forging
30:21 Wheelbarrow
32:16 Bow Saw
Quilted Codpiece
3:17 Loom
10:12 Feudal Age
11:02 Double-Bit Axe
11:01 Man-at-Arms
21:10 Castle Age
19:15 Padded Archer Armor
19:05 Fletching
19:56 Wheelbarrow
19:46 Scale Barding Armor
22:32 Fletching
22:43 Padded Archer Armor
23:30 Light Cavalry
24:11 Husbandry
24:13 Bodkin Arrow
25:39 Gold Mining
28:52 Thumb Ring
valjashestero
12:11 Loom
14:16 Feudal Age
19:36 Castle Age
17:32 Horse Collar
19:34 Fletching
20:21 Crossbowman
21:11 Thumb Ring
21:06 Bodkin Arrow
24:21 Ballistics
24:38 Elite Skirmisher
25:25 Double-Bit Axe
35:45 Imperial Age
33:54 Wheelbarrow
MJATEZHNIK.Bobihnoo
7:29 Loom
12:52 Feudal Age
18:45 Castle Age
20:14 Medium Warships
20:33 Scale Barding Armor
24:52 Demolition Ship
26:46 Gold Mining
27:23 Fishing Lines
30:30 Husbandry
30:42 Bloodlines
32:45 Light Cavalry
34:59 Double-Bit Axe
34:55 Horse Collar
AoEE.dvdv
9:37 Loom
11:48 Feudal Age
20:08 Bloodlines
21:38 Horse Collar
21:46 Double-Bit Axe
26:10 Castle Age
24:19 Scale Barding Armor
25:12 Fletching
27:24 Forging
30:04 Husbandry
Connection lost

Rejoining the realm…

Still unreachable

The connection could not be restored.

Session expired

The server has moved on; the page needs a fresh start.